 Dungeon Crawl Stone Soup version 0.19.0-1-g5985abe (webtiles) character file.

417034 vev the Severer (level 22, -21/194 HPs)
             Began as a Centaur Venom Mage on Nov 1, 2016.
             Was the Champion of Elyvilon.
             Shot with a bolt by a yaktaur captain (31 damage)
             ... on level 4 of the Depths on Nov 2, 2016.
             The game lasted 07:47:26 (85454 turns).

vev the Severer (Centaur Venom Mage)               Turns: 85454, Time: 07:47:27

Health: -21/194    AC: 23    Str: 13    XL:     22   Next: 58%
Magic:  0/50       EV: 15    Int: 16    God:    Elyvilon [******]
Gold:   2215       SH:  0    Dex: 18    Spells: 8 memorised, 5 levels left

rFire  . . .     SeeInvis +     b - +4 arbalest (velocity)
rCold  . . .     Gourm    .     r - +0 troll leather armour
rNeg   . . .     Faith    .     (shield currently unavailable)
rPois  +         Spirit   +     u - +3 crown of Dyrovepreva {rElec Int+2 SInv}
rElec  +         Reflect  .     l - +2 cloak
rCorr  .         Harm     .     Q - +1 pair of gloves {archery}
MR     +....                    j - +4 centaur barding
Stlth  +.........               W - amulet of guardian spirit
                                K - ring of magical power
                                O - ring of magical power

@: heavily drained, very quick
A: hooves 3, thin metallic scales 1, deformed body, speed 2, sense surroundings
1, poison resistance, tough skin 3, no device heal 1
a: Lesser Healing, Heal Other, Purification, Greater Healing, Divine Vigour,
Divine Protection, Renounce Religion
}: 2/15 runes: serpentine, barnacled


You were on level 4 of the Depths.
You worshipped Elyvilon.
Elyvilon was exalted by your worship.
You were very hungry.

You visited 8 branches of the dungeon, and saw 40 of its levels.
You visited the Abyss 1 time.
You visited 1 bazaar.
You also visited: Sewer and Ossuary.

You collected 4261 gold pieces.
You spent 2046 gold pieces at shops.

Inventory:

Hand Weapons
 a - a +7 battleaxe of flaming
 b - a +4 arbalest of velocity (weapon)
Missiles
 e - 1057 bolts (quivered)
Armour
 j - a +4 centaur barding (worn)
 l - a +2 cloak (worn)
 r - a +0 troll leather armour (worn)
 u - the +3 crown of Dyrovepreva (worn) {rElec Int+2 SInv}
   (You found it on level 11 of the Dungeon)

   It affects your intelligence (+2).
   It insulates you from electricity.
   It lets you see invisible.
 Q - a +1 pair of gloves of archery (worn)
Jewellery
 k - the ring "Tijog" {rN+ MR- Str+2 Int+4 Stlth+}
   (You acquired it on level 3 of the Vaults)

   [ring of stealth]

   It affects your strength (+2).
   It affects your intelligence (+4).
   It protects you from negative energy.
   It affects your resistance to hostile enchantments.
   It makes you more stealthy.
 y - an uncursed ring of protection from cold
 K - a ring of magical power (right hand)
 O - a ring of magical power (left hand)
 W - an amulet of guardian spirit (around neck)
Wands
 q - a wand of disintegration (10/24)
 w - a wand of teleportation (7/9)
 z - a wand of hasting (5/9)
 N - a wand of teleportation (4/9)
 T - a wand of heal wounds (9/9)
 V - a wand of disintegration (3/24)
Scrolls
 d - 7 scrolls of teleportation
 i - 5 scrolls of identify
 m - 2 scrolls of recharging
 s - 20 scrolls of remove curse
 x - a scroll of silence
 E - a scroll of summoning
 J - 3 scrolls of fear
 L - 6 scrolls of vulnerability
 R - 2 scrolls of blinking
 X - 7 scrolls of magic mapping
Potions
 g - 4 potions of haste
 h - 6 potions of ambrosia
 n - 6 potions of agility
 o - 6 potions of cancellation
 B - 14 potions of curing
 C - a potion of invisibility
 F - 4 potions of flight
 I - 2 potions of magic
 P - 7 potions of might
 S - 2 potions of resistance
 U - 2 potions of cure mutation
 Y - 2 potions of heal wounds
Books
 A - a book of Party Tricks

   Spells                             Type                      Level
   a - Summon Butterflies             Summoning                    1
   b - Apportation                    Translocation                1
   c - Lesser Beckoning               Translocation                3
   d - Tukima's Dance                 Hexes                        3
   e - Alistair's Intoxication        Transmutation/Poison         5
   f - Invisibility                   Hexes                        6
Miscellaneous
 v - a lamp of fire
 G - a box of beasts
 H - a sack of spiders
Comestibles
 c - 29 bread rations
 f - 8 meat rations
 p - 36 fruits
 t - 23 royal jellies


   Skills:
 + Level 15.7(12.0) Fighting
 - Level 20.2(16.2) Axes
   Level 9.1(6.0) Bows
 - Level 20.0(16.0) Crossbows
 + Level 14.7(11.2) Dodging
 - Level 3.9(1.2) Stealth
 - Level 0.4(0.0) Unarmed Combat
 - Level 1.5(0.0) Spellcasting
 - Level 8.0(4.9) Translocations
 - Level 3.2(0.6) Poison Magic
 + Level 13.8(10.3) Invocations
 - Level 2.9(0.3) Evocations


You had 5 spell levels left.
You knew the following spells:

 Your Spells              Type           Power        Failure   Level  Hunger
a - Sting                 Conj/Pois      #...         34%         1    ##.....
b - Blink                 Tloc           N/A          10%         2    ###....
c - Confuse               Hex            #.......     87%         3    ####...
d - Portal Projectile     Tloc           ###...       17%         3    ####...
e - Lesser Beckoning      Tloc           ###.......   17%         3    ####...
l - Passage of Golubria   Tloc           N/A          52%         4    #####..
m - Repel Missiles        Chrm/Air       #.....       50%         2    ###....
z - Apportation           Tloc           ###.......   6%          1    ##.....


Dungeon Overview and Level Annotations

Branches:
Dungeon (15/15)            Temple (1/1) D:6            Lair (6/6) D:10
 Shoals (4/4) Lair:3        Snake (4/4) Lair:4        Slime (0/5) Lair:6
    Orc (2/2) D:10         Vaults (4/5) D:14          Crypt (0/3) Vaults:2
 Depths (4/5) D:15
    Elf: Orc:2

Altars:
Ashenzari
Cheibriados
Dithmenos
Elyvilon
Fedhas
Gozag
Hepliaklqana
Kikubaaqudgha
Makhleb
Nemelex Xobeh
Okawaru
Qazlal
Ru
Sif Muna
Trog
Uskayaw
Vehumet
Xom
Yredelemnul
Zin
The Shining One
Beogh

Shops:
D:8 }   D:9 ?   Orc:2 (%[[   Shoals:2 (   Shoals:4 }   Vaults:2 ?**(
Depths:1 !

Portals:
Hell: Depths:1 Depths:2 Depths:3
Abyss: Depths:3
Pandemonium: Depths:2 Depths:3
Ziggurat: Depths:1

Annotations:
Shoals:1 exclusion: oklob plant
Shoals:3 1 exclusion
Snake:2 1 exclusion
Vaults:2 1 exclusion
Vaults:4 Mennas, Xtahua
Depths:3 1 exclusion


Innate Abilities, Weirdness & Mutations

You have hooves in place of feet.
Armour fits poorly on your strangely shaped body.
You cover ground very quickly.
You have extremely tough skin. (AC +3)
You are partially covered in thin metallic scales. (AC +2)
You passively map a small area around you.
Your system is resistant to poisons. (rPois)
Potions and wands are less effective at restoring your health.


Message History

* * * LOW MAGIC WARNING * * *;
* * * LOW HITPOINT WARNING * * *
A slime creature comes into view.
Char dumped successfully.
Okay, then.
Okay, then.
Unknown command.
Okay, then.
You feel purified!
* * * LOW MAGIC WARNING * * *
You are feeling very hungry.
The slime creature quivers.
The jiangshi claws you but does no damage. x2
The ettin closely misses you.
The ettin hits you with a dire flail of draining!!
* * * LOW MAGIC WARNING * * *;
* * * LOW HITPOINT WARNING * * *
You feel drained.
* * * LOW MAGIC WARNING * * *;
* * * LOW HITPOINT WARNING * * *
The yaktaur captain shoots a bolt.
The bolt hits you!!
* * * LOW MAGIC WARNING * * *
You die...

*, , * ,.... ,
.... * * ....# .
#.... * . ....#.,
#.... *
..###.#.###.#.###.
,
.#...#.......#...#
, ,
#.....#.<.>C#c...
#....#...Vu..# ,,
* #.....#. #.....
,...,*...G. ,
#..(. .W.. .J.J ,,
** . ... ...#. ...
, , .## ###...* ,


You could see a white very ugly thing, a yaktaur captain, a white ugly thing, 2
ettins, a jiangshi, 3 slime creatures, a glowing orange brain and an ogre mage.

Vanquished Creatures
  An ancient lich (Depths:1)
  Saint Roka (Vaults:2)
  Vashnia (Snake:2)
  A titan (Depths:2)
  A lich (Depths:3)
  Asterion (Snake:3)
  Polyphemus (Shoals:3)
  A quicksilver dragon (Depths:2)
  The ghost of Yermak the Carver, an adept DgVM (Shoals:1)
  3 krakens
  2 sphinxes
  Agnes (Snake:1)
  A tengu reaver (Depths:2)
  11 nagarajas
  2 shadow dragons (Depths:1)
  3 fire giants
  3 frost giants
  An orc warlord (Orc:2)
  5 vault wardens
  A deep elf sorcerer (Vaults:3)
  A ghoul (Vaults:3)
  Aizul (Snake:1)
  A juggernaut skeleton (Depths:3)
  A reaper (Depths:3)
  11 ironheart preservers
  16 stone giants
  8 vampire knights
  6 very ugly things
  9 spark wasps
  3 deep elf demonologists (Vaults:3)
  2 deep elf annihilators (Vaults:3)
  7 ettins
  2 merfolk javelineers (Shoals:4)
  Josephine (Shoals:1)
  3 deep elf death magi
  12 merfolk impalers
  8 ogre magi
  8 fire dragons
  4 jiangshi (Depths:3)
  A deep elf high priest (Depths:2)
  6 great orbs of eyes
  3 yaktaur captains
  Fannar (Lair:2)
  4 vault guards
  6 ice dragons
  5 rakshasas
  A monstrous demonspawn (Depths:2)
  7 hydras
  A spriggan air mage (Depths:2)
  A merfolk avatar (Shoals:3)
  26 naga warriors
  5 anacondas
  10 centaur warriors
  8 merfolk aquamancers
  Erica (D:9)
  3 death knights
  2 alligator snapping turtles
  2 catoblepae
  3 deep troll shamans
  6 satyrs
  4 orc high priests (Orc:2)
  A deep troll earth mage (Depths:2)
  3 death yaks
  A thrashing horror (Abyss:2)
  2 tengu warriors
  2 vampire magi
  15 naga sharpshooters
  2 spriggan berserkers (Depths:3)
  4 hell knights (Depths:2)
  11 shock serpents
  Nergalle (D:11)
  5 deep elf knights
  A soul eater (Depths:1)
  10 skeletal warriors
  Sonja (Orc:1)
  2 shadow wraiths
  3 salamander mystics
  An iron troll (Depths:2)
  7 deep trolls
  2 spark wasp zombies (Depths:3)
  3 unseen horrors (Vaults:1)
  2 glowing orange brains
  14 sea snakes
  A golden dragon skeleton (Depths:3)
  5 flayed ghosts
  A tengu zombie (Depths:3)
  A sea snake (shapeshifter) (Depths:2)
  A hill giant (shapeshifter) (Depths:2)
  4 naga ritualists (Snake:4)
  11 wizards
  4 deep elf archers
  A gelid demonspawn (Depths:2)
  24 orc knights
  10 hill giants
  7 ironbrand convokers
  20 harpies
  A phantasmal warrior (Depths:4)
  A tengu skeleton (Vaults:1)
  10 necromancers
  2 starcursed masses (Abyss:2)
  8 mana vipers
  48 ugly things
  17 deep elf magi
  An iron dragon zombie (Depths:3)
  6 cyclopes
  A wolf spider (shapeshifter) (Depths:2)
  A large abomination (Abyss:2)
  6 wolf spiders
  A frost giant zombie (Depths:3)
  12 manticores
  31 fauns
  6 orc sorcerers
  9 salamanders
  A fire giant zombie (Depths:3)
  A salamander (shapeshifter) (Vaults:4)
  11 sirens
  2 fire giant skeletons (Vaults:4)
  2 frost giant skeletons (Depths:3)
  6 elephants
  Joseph (D:7)
  7 centaur zombies
  2 stone giant skeletons
  5 guardian serpents
  9 vault sentinels
  A smoke demon (Abyss:2)
  2 yaktaur zombies
  A torpor snail (Lair:3)
  39 black mambas
  28 naga magi
  3 gargoyles
  7 water nymphs
  A spriggan skeleton (Depths:3)
  11 spiny frogs
  A rust devil (Depths:3)
  A hellion (Depths:3)
  4 rime drakes
  An efreet (D:15)
  2 yaktaurs (shapeshifter)
  A komodo dragon (shapeshifter) (Vaults:2)
  3 freezing wraiths
  53 yaktaurs
  A tormentor (Depths:2)
  13 komodo dragons
  2 hellwings (Depths:3)
  7 tengu conjurers
  A shadow dragon simulacrum (Vaults:3)
  20 merfolk
  16 trolls
  2 wind drakes (Shoals:3)
  3 meliai (D:14)
  4 red devils (Depths:3)
  A queen bee (D:14)
  2 trolls (shapeshifter)
  A harpy zombie (D:15)
  8 polar bears
  4 hornets
  23 two-headed ogres
  2 wolf spider simulacra
  Prince Ribbit (D:5)
  11 dream sheep
  A two-headed ogre (shapeshifter) (Depths:3)
  A harpy skeleton (D:14)
  2 raiju (Lair:6)
  32 slime creatures
  23 blink frogs
  12 snapping turtles
  10 hippogriffs
  An ice dragon zombie (Depths:1)
  Sigmund (D:5)
  An ettin zombie (Vaults:4)
  3 stone giant simulacra
  A ynoxinul (Depths:2)
  4 flying skulls (Depths:3)
  A shadow (D:15)
  14 water elementals
  A spriggan (shapeshifter) (Depths:3)
  3 vampires (Vaults:2)
  6 wraiths
  60 yaks
  Eustachio (D:5)
  2 wyverns
  An ettin skeleton (Depths:1)
  A spriggan (D:7)
  A fire elemental (Depths:3)
  An elf zombie (Depths:3)
  A golden eye (shapeshifter) (Vaults:1)
  3 steam dragons (Lair:6)
  5 basilisks
  A hog (shapeshifter) (D:15)
  A neqoxec (Depths:3)
  3 hungry ghosts
  21 humans
  6 mottled dragons
  A chaos spawn (Depths:2)
  Grum (D:9)
  7 vampire mosquitoes
  A yaktaur simulacrum (Vaults:1)
  21 wargs
  A swamp worm (shapeshifter) (Vaults:1)
  63 nagas
  Menkaure (D:7)
  2 soldier ants
  6 hell hounds (Lair:6)
  13 water moccasins
  4 elf skeletons
  A floating eye (Depths:2)
  13 porcupines
  50 orc warriors
  A deep troll skeleton (Vaults:4)
  5 ice beasts
  4 sky beasts
  A hornet zombie (D:15)
  2 swamp drakes (Lair:6)
  An eye of draining (D:13)
  13 black bears (Lair:6)
  A necrophage (D:10)
  2 phantoms
  A tengu (shapeshifter) (Depths:2)
  37 ogres
  20 wolves
  10 boggarts
  13 centaurs
  22 crocodiles
  6 big kobolds
  17 bullfrogs
  A gnoll sergeant (D:10)
  A glowing shapeshifter simulacrum (Vaults:1)
  A wyvern skeleton (D:6)
  6 scorpions
  23 killer bees
  A wight (D:7)
  2 human simulacra
  8 electric eels
  2 howler monkeys (D:7)
  7 crimson imps
  The ghost of murphy the Magician, a weakling DECj (D:5)
  19 hounds
  3 quasits
  6 human zombies
  2 jellies
  25 orc priests
  A gnoll shaman (D:8)
  3 iron imps
  2 bullfrog skeletons (D:10)
  5 centaur skeletons
  Ijyb (D:2)
  6 human skeletons
  8 iguanas
  22 orc wizards
  8 worker ants
  An ogre zombie (D:7)
  3 hound skeletons
  10 mummies
  3 worker ant zombies
  8 gnolls
  15 adders
  2 river rats (Sewer)
  3 shadow imps
  3 white imps
  5 oozes
  7 worms
  A dart slug (D:2)
  4 leopard geckos
  129 orcs
  8 bats
  7 giant cockroaches
  4 gnoll zombies (Ossuary)
  10 goblins
  3 hobgoblins
  8 jackals
  25 kobolds
  5 quokkas
  4 ball pythons
  A ball python skeleton (D:6)
  A frilled lizard (D:3)
  A kobold (shapeshifter) (Vaults:2)
  2 kobold zombies (Ossuary)
  3 orc zombies
  A quokka skeleton (D:8)
  14 rats
  A bush (Lair:4)
  A fire vortex (Depths:3)
  6 fungi
  35 plants
  2 tentacles (Shoals:2)
1990 creatures vanquished.

Vanquished Creatures (others)
  Ilsuiw (Shoals:4)
  2 fire giants
  An orc knight (Vaults:3)
  An ugly thing (Vaults:3)
  A black mamba (Lair:6)
  A black bear (D:13)
  An ogre (D:13)
  An iron imp (Abyss:2)
  3 bushes (Lair:6)
  21 fungi
  A lurking horror (Abyss:2)
  172 plants
  4 starspawn tentacles (Abyss:2)
  118 tentacles
328 creatures vanquished.

Grand Total: 2318 creatures vanquished

Notes
Turn   | Place    | Note
-------+----------+-------------------------------------------
     0 | D:1      | vev the Centaur Venom Mage began the quest for the Orb.
     0 | D:1      | Reached XP level 1. HP: 14/14 MP: 3/3
    59 | D:1      | Reached skill level 1 in Fighting
   217 | D:1      | Reached XP level 2. HP: 23/23 MP: 4/4
   642 | D:1      | Reached skill level 2 in Fighting
  1133 | D:2      | Noticed Ijyb
  1137 | D:2      | Reached XP level 3. HP: 29/30 MP: 5/5
  1149 | D:2      | Killed Ijyb
  1149 | D:2      | Reached skill level 3 in Fighting
  1688 | D:3      | Reached XP level 4. HP: 38/38 MP: 4/6
  1710 | D:3      | Reached skill level 1 in Crossbows
  1763 | D:3      | HP: 3/38 [poisoned by a kobold]
  1770 | D:3      | HP: 2/38 [poisoned by a kobold]
  1778 | D:3      | HP: 1/38 [poisoned by a kobold]
  2086 | D:3      | Learned a level 3 spell: Mephitic Cloud
  2326 | D:4      | Reached skill level 2 in Crossbows
  2537 | D:4      | Found a sand-covered staircase.
  2542 | Ossuary  | Entered an ossuary
  2705 | Ossuary  | Reached skill level 1 in Axes
  2705 | Ossuary  | Reached XP level 5. HP: 45/45 MP: 7/7
  2734 | Ossuary  | Reached skill level 2 in Axes
  3194 | D:4      | Reached skill level 3 in Axes
  3194 | D:4      | Reached XP level 6. HP: 39/51 MP: 8/8
  3582 | D:4      | Reached skill level 4 in Axes
  3998 | D:5      | Entered Level 5 of the Dungeon
  4115 | D:5      | Reached skill level 5 in Axes
  4115 | D:5      | Reached XP level 7. HP: 44/57 MP: 9/9
  4123 | D:5      | Found a glowing drain.
  4186 | Sewer    | Entered a sewer
  4653 | Sewer    | Reached skill level 6 in Axes
  5039 | D:5      | Noticed Eustachio
  5053 | D:5      | Killed Eustachio
  5053 | D:5      | Reached skill level 7 in Axes
  5053 | D:5      | Reached XP level 8. HP: 53/63 MP: 10/10
  5254 | D:5      | Noticed Sigmund
  5276 | D:5      | Killed Sigmund
  5307 | D:5      | Learned a level 4 spell: Olgreb's Toxic Radiance
  5346 | D:5      | Noticed a hippogriff
  5350 | D:5      | Reached skill level 8 in Axes
  5352 | D:5      | Killed a hippogriff
  5568 | D:5      | Noticed murphy's ghost (weakling DECj)
  5621 | D:5      | Killed murphy's ghost
  5910 | D:5      | Reached skill level 9 in Axes
  5917 | D:5      | Noticed Prince Ribbit
  5930 | D:5      | Killed Prince Ribbit
  6070 | D:5      | Gained mutation: Your system is resistant to poisons. (rPois) [mutagenic meat]
  6295 | D:6      | Reached XP level 9. HP: 70/70 MP: 11/11
  6309 | D:6      | Reached skill level 10 in Axes
  6326 | D:6      | Found a staircase to the Ecumenical Temple.
  6478 | Temple   | Entered the Ecumenical Temple
  6669 | Temple   | Became a worshipper of Elyvilon the Healer
  7029 | D:6      | Reached skill level 4 in Fighting
  7491 | D:7      | Reached * piety under Elyvilon
  7492 | D:7      | Reached skill level 2 in Dodging
  7687 | D:7      | Noticed Menkaure
  7690 | D:7      | Killed Menkaure
  7766 | D:7      | Noticed Joseph
  7816 | D:7      | Killed Joseph
  7816 | D:7      | Reached skill level 5 in Fighting
  8107 | D:7      | Reached skill level 3 in Dodging
  8297 | D:7      | Found an ancient bone altar of Kikubaaqudgha.
  8342 | D:7      | Reached XP level 10. HP: 67/83 MP: 12/12
  8368 | D:7      | Reached skill level 11 in Axes
  8651 | D:7      | Reached skill level 6 in Fighting
  8906 | D:8      | Reached ** piety under Elyvilon
  9092 | D:8      | Found a shadowy altar of Dithmenos.
  9092 | D:8      | Found a stormy altar of Qazlal.
  9092 | D:8      | Found a snail-covered altar of Cheibriados.
  9093 | D:8      | Found an opulent altar of Gozag.
  9094 | D:8      | Found a bloodstained altar of Trog.
  9096 | D:8      | Found a burning altar of Makhleb.
  9340 | D:8      | Found Guifal's Gadget Shop.
  9529 | D:9      | Found Taonaaph's Magic Scroll Emporium.
  9537 | D:9      | Bought a scroll of identify for 30 gold pieces
  9537 | D:9      | Bought a scroll of identify for 30 gold pieces
  9537 | D:9      | Bought a scroll of identify for 30 gold pieces
  9537 | D:9      | Bought a scroll of enchant armour for 112 gold pieces
  9537 | D:9      | Bought a scroll of magic mapping for 52 gold pieces
  9874 | D:9      | Reached skill level 4 in Dodging
 10131 | D:9      | Reached *** piety under Elyvilon
 10461 | D:9      | Noticed Erica
 10516 | D:9      | Reached skill level 7 in Fighting
 10554 | D:9      | Killed Erica
 10596 | D:9      | Found a basalt altar of Yredelemnul.
 10813 | D:9      | Reached skill level 5 in Dodging
 10873 | D:9      | Noticed Grum
 10963 | D:9      | Killed Grum
 11334 | D:10     | Entered Level 10 of the Dungeon
 11424 | D:10     | Found a staircase to the Orcish Mines.
 11447 | D:10     | Reached **** piety under Elyvilon
 11604 | D:10     | Found a staircase to the Lair.
 11908 | D:10     | Reached XP level 11. HP: 94/94 MP: 13/13
 12071 | D:10     | Noticed a purple ugly thing
 12212 | D:9      | Killed a purple ugly thing
 12212 | D:9      | Reached skill level 8 in Fighting
 12638 | D:10     | Reached skill level 12 in Axes
 13635 | D:11     | Noticed a white ugly thing
 13685 | D:11     | Killed a white ugly thing
 13772 | D:11     | Reached ***** piety under Elyvilon
 13784 | D:11     | Noticed an eight-headed hydra
 13835 | D:11     | Killed an eight-headed hydra
 13835 | D:11     | Reached skill level 6 in Dodging
 13904 | D:11     | Noticed Nergalle
 14033 | Lair:1   | Entered Level 1 of the Lair of Beasts
 14151 | Lair:1   | Reached skill level 1 in Bows
 14204 | Lair:1   | Reached skill level 2 in Bows
 14300 | Lair:1   | Reached skill level 3 in Bows
 14309 | Lair:1   | Reached skill level 4 in Bows
 14916 | Lair:1   | Reached skill level 5 in Bows
 15272 | Lair:2   | Reached skill level 6 in Bows
 15526 | Lair:2   | Noticed an eight-headed hydra
 15603 | Lair:2   | Reached skill level 1 in Invocations
 15664 | Lair:2   | Killed an eight-headed hydra
 15664 | Lair:2   | Reached skill level 3 in Invocations
 15742 | Lair:2   | Reached skill level 4 in Invocations
 16108 | Lair:2   | Reached skill level 5 in Invocations
 16368 | Lair:2   | Noticed Fannar
 16477 | Lair:2   | Killed Fannar
 16477 | Lair:2   | Reached skill level 6 in Invocations
 16501 | Lair:2   | Reached XP level 12. HP: 63/103 MP: 16/16
 17306 | Lair:3   | Reached ****** piety under Elyvilon
 17359 | Lair:3   | Found a staircase to the Shoals.
 18086 | Lair:4   | Reached skill level 13 in Axes
 18535 | Lair:4   | Reached skill level 1 in Evocations
 18579 | Lair:4   | Reached skill level 2 in Evocations
 19232 | Lair:3   | Reached skill level 7 in Bows
 19651 | Lair:3   | Reached skill level 8 in Bows
 20163 | Lair:4   | Reached skill level 9 in Bows
 20260 | Lair:4   | Reached skill level 3 in Crossbows
 20459 | Lair:4   | Reached skill level 4 in Crossbows
 20504 | Lair:4   | Reached skill level 5 in Crossbows
 21121 | Lair:4   | Reached skill level 6 in Crossbows
 21302 | Lair:4   | Found a staircase to the Snake Pit.
 21395 | Lair:4   | Noticed a death yak
 21521 | Lair:4   | Killed a death yak
 21521 | Lair:4   | Reached skill level 7 in Crossbows
 21635 | Lair:4   | Reached XP level 13. HP: 47/108 MP: 17/17
 22607 | Lair:5   | Reached skill level 8 in Crossbows
 23076 | Lair:5   | Reached skill level 9 in Crossbows
 23877 | Lair:6   | Entered Level 6 of the Lair of Beasts
 23877 | Lair:6   | Found a staircase to the Slime Pits.
 24226 | Lair:6   | Reached skill level 10 in Crossbows
 25034 | Lair:6   | Reached skill level 9 in Fighting
 26486 | Lair:6   | Reached skill level 7 in Dodging
 26622 | Lair:6   | Reached skill level 10 in Fighting
 30180 | Lair:5   | Reached XP level 14. HP: 105/122 MP: 18/18
 30672 | Lair:6   | HP: 11/122 [black mamba (2)]
 31735 | Lair:6   | Reached skill level 7 in Invocations
 31753 | Lair:6   | Reached skill level 8 in Dodging
 32703 | Lair:6   | Reached skill level 9 in Dodging
 33943 | D:10     | Reached skill level 10 in Dodging
 34306 | D:11     | Killed Nergalle
 34819 | D:12     | Learned a level 1 spell: Apportation
 34834 | D:12     | Learned a level 3 spell: Confuse
 35147 | D:12     | Reached skill level 11 in Dodging
 36315 | D:13     | Reached skill level 12 in Dodging
 36340 | D:13     | Found a shimmering altar of Xom.
 38155 | D:14     | Reached skill level 11 in Fighting
 38858 | D:14     | Cast into level 2 of the Abyss (a wizard)
 38875 | Abyss:2  | Noticed a starcursed mass
 38952 | Abyss:2  | Found a corrupted altar of Lugonu.
 38958 | Abyss:2  | Noticed a starcursed mass
 38997 | Abyss:2  | Noticed a reaper
 39366 | Abyss:2  | Found a burning altar of Makhleb.
 39371 | Abyss:2  | Noticed a tentacled starspawn
 39402 | Abyss:2  | Noticed a starcursed mass
 39433 | Abyss:2  | Reached XP level 15. HP: 109/130 MP: 20/20
 39447 | Abyss:2  | HP: 1/130 [thrashing horror (13)]
 39449 | Abyss:2  | Elyvilon protects you from harm!
 39449 | Abyss:2  | Elyvilon protects you from harm!
 39509 | Abyss:2  | Found a corrupted altar of Lugonu.
 39620 | Abyss:2  | Noticed a tentacled starspawn
 39698 | D:14     | Escaped the Abyss
 39742 | D:14     | Reached skill level 8 in Invocations
 40153 | D:14     | Found a gate to the Vaults.
 40338 | D:14     | Reached skill level 9 in Invocations
 40589 | D:14     | Reached skill level 12 in Fighting
 40838 | D:14     | Found a burning altar of Makhleb.
 40838 | D:14     | Noticed an Executioner
 41045 | D:9      | Bought a scroll of teleportation for 45 gold pieces
 41443 | Orc:1    | Entered Level 1 of the Orcish Mines
 42028 | Orc:2    | Entered Level 2 of the Orcish Mines
 42377 | Orc:2    | Noticed Sonja
 42881 | Orc:2    | Found a roughly hewn altar of Beogh.
 42911 | Orc:2    | Reached skill level 10 in Invocations
 42992 | Orc:2    | Found Acsepn's Armour Emporium.
 43003 | Orc:2    | Found Buhin's Antique Armour Shoppe.
 43194 | Orc:1    | Killed Sonja
 44153 | Orc:2    | Noticed an orc warlord
 44673 | Orc:2    | Killed an orc warlord
 44746 | Orc:2    | Found a roughly hewn altar of Beogh.
 45387 | Orc:2    | Found Kiguruydgh's Food Boutique.
 45754 | Orc:2    | Found Ezacw's Weapon Emporium.
 46139 | Orc:2    | Bought a pair of embroidered gloves for 346 gold pieces
 46353 | D:15     | Entered Level 15 of the Dungeon
 46360 | D:15     | Found a staircase to the Depths.
 46360 | D:15     | Noticed a fire giant
 46394 | D:15     | HP: 8/134 [fire giant/bolt of fire (36)]
 46603 | D:15     | Found a stormy altar of Qazlal.
 47051 | D:15     | Reached skill level 14 in Axes
 47725 | D:15     | Pacified a fire giant
 47875 | D:15     | Reached XP level 16. HP: 121/141 MP: 18/23
 48848 | Snake:1  | Entered Level 1 of the Snake Pit
 49075 | Snake:1  | Reached skill level 15 in Axes
 49142 | Snake:1  | Learned a level 2 spell: Blink
 49147 | Snake:1  | Learned a level 4 spell: Passage of Golubria
 49538 | Snake:1  | Noticed Agnes
 49561 | Snake:1  | Killed Agnes
 49803 | Snake:1  | Noticed Aizul
 49829 | Snake:1  | Killed Aizul
 50894 | Snake:2  | Reached skill level 16 in Axes
 51873 | Snake:2  | Noticed Vashnia
 51932 | Snake:2  | Killed Vashnia
 52375 | Snake:2  | Reached skill level 17 in Axes
 52909 | Snake:2  | Reached XP level 17. HP: 50/148 MP: 6/24
 53668 | Snake:3  | Noticed Asterion
 53941 | Shoals:1 | Entered Level 1 of the Shoals
 53941 | Shoals:1 | Noticed Yermak's ghost (adept DgVM)
 53968 | Shoals:1 | Killed Yermak's ghost
 54742 | Shoals:1 | Noticed Josephine
 54877 | Shoals:1 | Killed Josephine
 54877 | Shoals:1 | Reached skill level 18 in Axes
 55006 | Shoals:1 | Found a shimmering altar of Xom.
 55306 | Shoals:2 | Found Fuhaditu's Antique Weapon Boutique.
 55323 | Shoals:2 | Gained mutation: You passively map a small area around you. [potion of beneficial mutation]
 55400 | Shoals:2 | Learned a level 2 spell: Repel Missiles
 55757 | Shoals:2 | Noticed a kraken
 55805 | Shoals:2 | Killed a kraken
 56629 | Shoals:3 | Noticed Polyphemus
 56664 | Shoals:3 | Killed Polyphemus
 56753 | Shoals:3 | Reached skill level 19 in Axes
 56910 | Shoals:4 | Entered Level 4 of the Shoals
 56912 | Shoals:4 | Noticed Ilsuiw
 57385 | Shoals:4 | Found Jerphum's Gadget Emporium.
 57393 | Shoals:4 | Bought a wand of teleportation (4/9) for 384 gold pieces
 58245 | Shoals:3 | Reached XP level 18. HP: 68/156 MP: 12/25
 59054 | Shoals:4 | Reached skill level 20 in Axes
 60060 | Shoals:4 | Reached skill level 13 in Fighting
 61118 | Shoals:3 | Reached skill level 1 in Translocations
 61240 | Shoals:4 | Killed Ilsuiw
 61240 | Shoals:4 | Reached skill level 2 in Translocations
 61460 | Shoals:4 | Got a barnacled rune of Zot
 61474 | Shoals:4 | Reached skill level 3 in Translocations
 61914 | Vaults:1 | Entered Level 1 of the Vaults
 62017 | Vaults:1 | Reached skill level 4 in Translocations
 62318 | Vaults:1 | Reached skill level 5 in Translocations
 62520 | Vaults:1 | Paralysed by an ogre mage for 7 turns
 62551 | Vaults:1 | Reached skill level 6 in Translocations
 63358 | Vaults:1 | Reached skill level 7 in Translocations
 63493 | Vaults:1 | Reached skill level 8 in Translocations
 63745 | Vaults:1 | Reached skill level 11 in Crossbows
 64060 | Vaults:1 | Reached XP level 19. HP: 165/165 MP: 26/26
 64432 | Vaults:2 | Noticed Saint Roka
 64574 | Vaults:2 | Killed Saint Roka
 64574 | Vaults:2 | Reached skill level 12 in Crossbows
 65362 | Vaults:2 | Found a staircase to the Crypt.
 65388 | Vaults:2 | Found Keosing's Assorted Antiques.
 65390 | Vaults:2 | Found Jacanoor's Antique Weapon Shop.
 65422 | Vaults:2 | Reached skill level 13 in Crossbows
 65520 | Vaults:2 | Found Lureicefusk's General Store.
 65602 | Vaults:2 | Bought a scroll of enchant armour for 270 gold pieces
 65602 | Vaults:2 | Bought a scroll of identify for 72 gold pieces
 65602 | Vaults:2 | Bought a scroll of identify for 72 gold pieces
 65602 | Vaults:2 | Bought a potion of heal wounds for 180 gold pieces
 65602 | Vaults:2 | Bought a scroll of identify for 72 gold pieces
 65615 | Vaults:2 | Learned a level 3 spell: Lesser Beckoning
 65619 | Vaults:2 | Learned a level 3 spell: Portal Projectile
 67050 | Vaults:2 | Reached skill level 14 in Crossbows
 67565 | Vaults:2 | Found Xupo's Magic Scroll Shoppe.
 67571 | Vaults:2 | Bought a scroll of fear for 42 gold pieces
 67571 | Vaults:2 | Bought a scroll of identify for 24 gold pieces
 67996 | Vaults:2 | Reached skill level 15 in Crossbows
 68456 | Vaults:2 | Upgraded the game from 0.19.0 to 0.19.0-1-g5985abe
 69094 | Vaults:3 | Reached skill level 13 in Dodging
 69891 | Vaults:3 | Reached skill level 11 in Invocations
 70175 | Vaults:3 | Reached XP level 20. HP: 173/173 MP: 28/28
 70597 | Vaults:3 | Reached skill level 14 in Fighting
 71416 | Vaults:3 | Found a glowing silver altar of Zin.
 71961 | Vaults:3 | Paralysed by a wizard for 5 turns
 72411 | Vaults:4 | Found a flickering gateway to a bazaar.
 72420 | Bazaar   | Entered a bazaar
 72420 | Bazaar   | Found Zeni's Gadget Emporium.
 72420 | Bazaar   | Found Bitij's General Store.
 72449 | Bazaar   | Found Utoskaj's Armour Shoppe.
 72456 | Bazaar   | Found Qetiarux's Weapon Shop.
 72460 | Bazaar   | Found Gaopt's Jewellery Emporium.
 72890 | Vaults:4 | Noticed Xtahua
 73175 | Vaults:4 | Reached skill level 12 in Invocations
 73301 | Vaults:4 | Noticed Mennas
 73580 | Vaults:4 | Identified a scroll of acquirement
 73773 | Vaults:3 | Got a serpentine pewter ring
 73774 | Vaults:3 | Identified the ring "Tijog" {rN+ MR- Str+2 Int+4 Stlth+} (You acquired it on level 3 of the Vaults)
 74400 | Snake:3  | Reached skill level 2 in Stealth
 74639 | Snake:3  | Reached skill level 3 in Stealth
 74825 | Snake:3  | Killed Asterion
 75184 | Snake:4  | Entered Level 4 of the Snake Pit
 75281 | Snake:3  | Reached skill level 16 in Crossbows
 75383 | Snake:4  | Got a slimy ring mail
 75410 | Snake:4  | Identified the +0 ring mail of Analysis {-Tele rElec rPois Str-3} (You found it on level 4 of the Snake Pit)
 75478 | Snake:4  | Reached skill level 14 in Dodging
 76198 | Snake:4  | Reached XP level 21. HP: 143/182 MP: 30/30
 76915 | Snake:4  | Got a serpentine rune of Zot
 77245 | Depths:1 | Entered Level 1 of the Depths
 77251 | Depths:1 | Reached skill level 15 in Fighting
 77541 | Depths:1 | Found Sageg's Distillery.
 77549 | Depths:1 | Bought a potion of resistance for 190 gold pieces
 77549 | Depths:1 | Bought a potion of heal wounds for 95 gold pieces
 77560 | Depths:1 | Found a gateway to a ziggurat.
 77724 | Depths:1 | Paralysed by a vampire knight for 7 turns
 77840 | Depths:1 | Found a gateway to Hell.
 78190 | Depths:1 | Noticed an ancient lich
 78264 | Depths:1 | Reached skill level 17 in Crossbows
 78336 | Depths:1 | Killed an ancient lich
 78648 | Depths:1 | Identified the Disquisition on Unholy Magic
 78953 | Depths:2 | Paralysed by a sphinx for 6 turns
 78969 | Depths:2 | Reached skill level 18 in Crossbows
 79217 | Depths:2 | Gained mutation: You are partially covered in thin metallic scales. (AC +2) [potion of beneficial mutation]
 79388 | Depths:2 | Found a one-way gate leading to the halls of Pandemonium.
 80124 | Depths:2 | Paralysed by a vampire knight for 6 turns
 80831 | Depths:2 | Reached skill level 19 in Crossbows
 81254 | Depths:2 | Reached XP level 22. HP: 139/192 MP: 26/31
 82263 | Depths:3 | Paralysed by a vampire knight for 2 turns
 82272 | Depths:3 | Paralysed by a vampire knight for 7 turns
 82304 | Depths:3 | Reached skill level 20 in Crossbows
 82383 | Depths:3 | Reached skill level 13 in Invocations
 82923 | Depths:3 | Found a one-way gate to the infinite horrors of the Abyss.
 82963 | Depths:3 | Paralysed by a vampire knight for 3 turns
 82985 | Depths:3 | Paralysed by a vampire knight for 2 turns
 84826 | Depths:3 | Gained mutation: Potions and wands are less effective at restoring your health. [a neqoxec]
 85454 | Depths:4 | HP: 18/194 [ettin/dire flail (18)]
 85454 | Depths:4 | Shot with a bolt by a yaktaur captain

Skill      XL: |  1  2  3  4  5  6  7  8  9 10 11 12 13 14 15 16 17 18 19 20 21 22 |
---------------+-------------------------------------------------------------------+-----
Fighting       | 1 2 3 5 7 8 10 11 12 13 14 15 | 15.7
Crossbows      | 2 7 10 11 15 16 19 20 | 20.0
Axes           | 1 3 5 7 9 10 11 12 13 14 17 19 20 | 20.2
Dodging        | 3 5 6 7 12 13 14 | 14.7
Bows           | 6 9 |  9.1
Invocations    | 6 7 10 11 12 13 | 13.8
Evocations     | 2 |  2.9
Translocations | 8 |  8.0
Stealth        | 3 |  3.9
Unarmed Combat | |  0.4
Spellcasting   | |  1.5
Poison Magic   | |  3.2

Action                   |  1- 3 |  4- 6 |  7- 9 | 10-12 | 13-15 | 16-18 | 19-21 | 22-24 || total
-------------------------+-------+-------+-------+-------+-------+-------+-------+-------++-------
Melee: Unarmed           |     8 |       |       |       |       |       |       |       ||     8
       Dagger            |   101 |    14 |       |       |       |       |       |       ||   115
       Kick              |    14 |     8 |    58 |   175 |   774 |   653 |   443 |    32 ||  2157
       Punch             |     1 |     1 |     1 |     1 |     9 |       |       |       ||    13
       Hand axe          |       |    82 |   290 |   734 |  2265 |       |       |       ||  3371
       Battleaxe         |       |       |       |       |    18 |  1843 |  1177 |    86 ||  3124
       War axe           |       |       |       |       |   355 |   159 |       |       ||   514
 Fire: Hand crossbow     |       |    68 |   155 |   407 |   365 |    24 |       |       ||  1019
       Shortbow          |       |       |       |    89 |   404 |    52 |       |       ||   545
       Arbalest          |       |       |       |       |   131 |    18 |  1310 |   503 ||  1962
       Longbow           |       |       |       |       |       |   186 |       |       ||   186
 Cast: Sting             |    14 |    11 |     5 |     2 |     1 |       |     1 |       ||    34
       Repel Missiles    |       |       |       |       |       |     1 |       |       ||     1
       Blink             |       |       |       |       |       |     1 |    15 |     6 ||    22
       Portal Projectile |       |       |       |       |       |       |    85 |    50 ||   135
       Passage of Golubr |       |       |       |       |       |       |     6 |     2 ||     8
       Apportation       |       |       |       |       |       |       |    20 |     2 ||    22
Invok: Lesser Healing    |       |       |       |     2 |     2 |       |       |       ||     4
       Heal Other        |       |       |       |     3 |     2 |     3 |     8 |     2 ||    18
       Greater Healing   |       |       |       |     1 |     8 |     8 |     4 |     1 ||    22
       Divine Protection |       |       |       |       |     1 |       |       |     1 ||     2
       Purification      |       |       |       |       |       |     1 |     1 |     1 ||     3
       Divine Vigour     |       |       |       |       |       |       |     3 |     2 ||     5
Evoke: Wand              |       |       |       |    22 |    24 |    11 |     9 |     4 ||    70
       Lamp of fire      |       |       |       |       |     1 |     4 |     2 |       ||     7
       Box of beasts     |       |       |       |       |       |     1 |       |       ||     1
  Use: Scroll            |       |     5 |     1 |    11 |    11 |    17 |    24 |     3 ||    72
       Potion            |       |       |     1 |     3 |     2 |     7 |     4 |       ||    17
 Stab: Sleeping          |       |       |     1 |       |     1 |     2 |     1 |       ||     5
       Invisible         |       |       |       |     1 |       |     8 |       |       ||     9
       Confused          |       |       |       |     2 |       |       |       |       ||     2
       Distracted        |       |       |       |       |       |     2 |       |       ||     2
       Petrified         |       |       |       |       |       |     2 |       |       ||     2
       Petrifying        |       |       |       |       |       |     1 |       |       ||     1
  Eat: Chunk             |     2 |     6 |    12 |    34 |    69 |    40 |    45 |    11 ||   219
       Pizza             |       |       |       |     5 |     2 |     1 |     2 |       ||    10
       Royal jelly       |       |       |       |     1 |       |       |       |       ||     1
       Meat ration       |       |       |       |       |     1 |     2 |     4 |     2 ||     9
       Fruit             |       |       |       |       |       |     1 |       |       ||     1
       Beef jerky        |       |       |       |       |       |     1 |       |       ||     1
Armor: Robe              |    56 |    31 |    43 |       |       |       |       |       ||   130
       Leather armour    |       |       |    14 |   231 |    59 |       |       |       ||   304
       Steam dragon scal |       |       |       |       |   338 |       |       |       ||   338
       Troll leather arm |       |       |       |       |   375 |   652 |   458 |   115 ||  1600
Dodge: Dodged            |    44 |    40 |   117 |   357 |  1519 |  1245 |   789 |   199 ||  4310
       Deflected         |       |       |       |       |       |     1 |       |       ||     1
